Map: Frozen Temple

Players

oliM - Winner!

  • Race: Protoss Protoss
  • League: Grandmaster

Jage

  • Race: Protoss Protoss
  • League: Grandmaster

VOD

Have the link to the VOD?

Description

Time

  • Played on: May 15, 2016, 2:32 a.m.
  • Length: 16:06
Show
View Real Time Build Order
Export as new Build Order

oliM Protoss - Winner!

Build Orders:  

Get SALT Encoding   

  12  0:01  Probe (Chrono Boost)  
  13  0:11  Probe (Chrono Boost)  
  14  0:18  Pylon  
  14  0:22  Probe (Chrono Boost)  
  15  0:36  Probe (Chrono Boost)  
  15  0:37  Gateway  
  16  0:46  Probe (Chrono Boost)  
  16  0:48  Assimilator  
  17  0:52  Assimilator  
  18  0:57  Probe (Chrono Boost)  
  18  1:07  Probe (Chrono Boost)  
  18  1:09  Gateway  
  19  1:18  Probe (Chrono Boost)  
  20  1:25  Cybernetics Core  
  20  1:31  Probe (Chrono Boost)  
  21  1:39  Pylon  
  21  1:47  Probe (Chrono Boost)  
  22  1:58  Probe (Chrono Boost)  
  23  2:03  Stalker  
  23  2:05  Stalker  
  23  2:08  Warp Gate (Chrono Boost)  
  27  2:15  Mothership Core (Chrono Boost)  
  29  2:25  Pylon  
  29  2:33  Probe (Chrono Boost)  
  31  2:44  Probe (Chrono Boost)  
  31  2:48  Stalker x2  
  35  2:54  Probe (Chrono Boost)  
  36  3:15  Nexus  
  36  3:17  Probe  
  37  3:24  Pylon  
  37  3:28  Sentry  
  39  3:38  Twilight Council  
  39  3:42  Probe (Chrono Boost), Sentry  
  42  3:53  Probe (Chrono Boost)  
  43  4:03  Probe (Chrono Boost)  
  43  4:07  Robotics Facility  
  44  4:14  Probe (Chrono Boost)  
  45  4:17  Blink  
  45  4:24  Probe (Chrono Boost)  
  45  4:28  Probe (Chrono Boost)  
  47  4:35  Forge, Probe (Chrono Boost)  
  48  4:39  Probe (Chrono Boost)  
  50  4:45  Probe (Chrono Boost)  
  50  4:49  Probe (Chrono Boost)  
  50  4:51  Pylon  
  51  4:55  Observer  
  51  4:56  Probe (Chrono Boost)  
  54  5:00  Probe (Chrono Boost)  
  54  5:02  Protoss Ground Weapons Level 1  
  54  5:06  Probe (Chrono Boost)  
  55  5:10  Probe (Chrono Boost)  
  55  5:12  Stalker x2  
  60  5:17  Probe (Chrono Boost)  
  60  5:18  Assimilator  
  60  5:20  Assimilator  
  60  5:21  Probe (Chrono Boost)  
  62  5:27  Probe (Chrono Boost)  
  63  5:30  Pylon  
  63  5:31  Probe (Chrono Boost)  
  63  5:32  Immortal  
  68  5:46  Nexus  
  68  5:52  Pylon  
  68  5:53  Probe x2 (Chrono Boost)  
  70  6:03  Probe x2 (Chrono Boost)  
  72  6:05  Gateway  
  72  6:06  Gateway  
  72  6:13  Probe (Chrono Boost)  
  72  6:16  Immortal (Chrono Boost)  
  72  6:18  Probe  
  78  6:25  Robotics Bay  
  78  6:26  Probe  
  79  6:33  Probe  
  79  6:38  Probe  
  81  6:43  Protoss Ground Weapons Level 2  
  81  6:45  Gateway, Probe  
  82  6:47  Gateway  
  82  6:50  Probe  
  83  6:57  Probe x2  
  83  7:00  Immortal (Chrono Boost)  
  87  7:02  Probe  
  87  7:07  Probe  
  88  7:09  Probe  
  88  7:11  Stalker x2  
  88  7:14  Probe  
  95  7:23  Sentry  
  95  7:25  Stalker  
  99  7:32  Probe  
  99  7:34  Assimilator  
  99  7:36  Assimilator  
  100  7:38  Pylon  
  100  7:40  Pylon, Photon Cannon  
  100  7:42  Pylon, Photon Cannon  
  100  7:43  Photon Cannon  
  100  7:55  Gateway  
  100  7:58  Gateway  
  100  8:06  Observer (Chrono Boost)  
  100  8:10  Stalker x4  
  100  8:11  Probe  
  102  8:23  Probe  
  101  8:28  Stalker x2  
  105  8:36  Probe  
  102  8:42  Stalker  
  102  8:43  Stalker x3  
  109  8:54  Photon Cannon  
  109  8:56  Pylon  
  109  9:05  Pylon  
  109  9:10  Nexus  
  109  9:13  Disruptor (Chrono Boost)  
  112  9:17  Photon Cannon  
  112  9:21  Pylon  
  112  9:22  Pylon  
  112  9:25  Protoss Ground Weapons Level 3 (Chrono Boost)  
  112  9:41  Disruptor  
  112  9:52  Probe  
  116  9:58  Photon Cannon  
  116  10:01  Templar Archives  
  116  10:04  Pylon, Photon Cannon  
  116  10:05  Pylon x2, Stalker x3  
  122  10:12  Disruptor  
  125  10:22  Robotics Facility  
  125  10:23  Pylon  
  125  10:32  Stalker x2  
  129  10:35  Stalker x2  
  129  10:36  Stalker x2  
  136  10:44  Disruptor (Chrono Boost)  
  123  10:52  Probe  
  123  10:54  Stalker  
  123  10:55  Stalker  
  126  11:02  Stalker x5  
  136  11:07  Probe  
  137  11:12  Disruptor (Chrono Boost)  
  140  11:20  Disruptor (Chrono Boost)  
  140  11:22  Photon Cannon  
  140  11:23  Zealot x3  
  149  11:28  Zealot  
  149  11:44  Disruptor (Chrono Boost), Nexus  
  149  11:45  Pylon  
  150  11:50  Stargate  
  149  12:14  Stalker  
  149  12:15  Stalker x6  
  162  12:28  Nexus  
  154  12:30  Pylon  
  154  12:31  Disruptor (Chrono Boost)  
  154  12:32  Pylon  
  157  12:39  Oracle  
  157  12:43  Stalker x5  
  170  12:49  Photon Cannon  
  170  12:55  Photon Cannon  
  170  12:59  Disruptor (Chrono Boost)  
  170  13:09  Disruptor (Chrono Boost)  
  173  13:14  Stalker x2  
  173  13:15  Stalker x3  
  173  13:19  Oracle  
  185  13:39  Zealot  
  185  13:40  Zealot  
  187  13:42  Disruptor (Chrono Boost)  
  187  13:45  Zealot x2  
  187  13:46  Assimilator  
  194  13:49  Assimilator  
  194  13:51  Dark Shrine  
  194  13:55  Stalker x3  
  192  13:58  Probe  
  192  14:01  Probe  
  198  14:04  Probe  
  199  14:42  Gateway  
  199  14:44  Gateway  
  187  15:00  Stalker x5  
  189  15:08  Stalker x3  
  161  15:37  Observer (Chrono Boost)  
  161  15:38  Stalker x6  
  164  15:56  Stalker x2  
Show
View Real Time Build Order
Export as new Build Order

Jage Protoss 

Build Orders:  

Get SALT Encoding   

  12  0:00  Probe (Chrono Boost)  
  13  0:11  Probe (Chrono Boost)  
  14  0:17  Pylon  
  14  0:21  Probe (Chrono Boost)  
  15  0:35  Probe (Chrono Boost)  
  16  0:38  Gateway  
  16  0:46  Probe (Chrono Boost)  
  16  0:47  Assimilator  
  17  0:54  Assimilator  
  18  0:57  Probe (Chrono Boost)  
  18  1:03  Gateway  
  18  1:07  Probe (Chrono Boost)  
  20  1:18  Probe (Chrono Boost)  
  20  1:21  Pylon  
  20  1:28  Cybernetics Core  
  20  1:33  Probe (Chrono Boost)  
  21  1:43  Probe (Chrono Boost)  
  22  1:54  Probe (Chrono Boost)  
  23  2:04  Stalker x2  
  23  2:05  Warp Gate (Chrono Boost)  
  23  2:07  Mothership Core (Chrono Boost)  
  29  2:22  Pylon  
  29  2:25  Probe (Chrono Boost)  
  30  2:36  Probe  
  31  2:43  Stalker x2  
  35  3:01  Nexus  
  35  3:04  Probe  
  36  3:13  Sentry  
  38  3:22  Robotics Facility  
  38  3:25  Probe  
  39  3:39  Pylon  
  39  3:57  Probe  
  39  3:59  Stalker x2  
  44  4:04  Twilight Council  
  44  4:09  Probe  
  45  4:11  Observer  
  45  4:14  Probe  
  47  4:21  Probe  
  48  4:24  Probe  
  48  4:25  Forge  
  49  4:33  Probe  
  49  4:38  Immortal  
  54  4:41  Blink (Chrono Boost), Probe  
  54  4:45  Probe  
  56  4:52  Probe  
  56  4:55  Assimilator  
  56  4:57  Probe, Assimilator  
  58  5:02  Probe  
  59  5:09  Probe  
  59  5:13  Pylon, Probe  
  60  5:16  Protoss Ground Weapons Level 1  
  61  5:22  Probe  
  62  5:31  Immortal  
  66  5:39  Gateway  
  66  5:42  Gateway  
  66  5:46  Nexus  
  66  5:53  Stalker  
  68  5:58  Stalker  
  68  6:02  Pylon  
  70  6:09  Pylon  
  70  6:18  Pylon  
  70  6:20  Probe  
  70  6:21  Warp Prism (Chrono Boost)  
  70  6:23  Dark Shrine  
  73  6:29  Probe, Sentry x2  
  73  6:32  Probe  
  79  6:39  Probe  
  79  6:44  Probe  
  80  6:59  Stalker x4  
  92  7:02  Immortal (Chrono Boost)  
  92  7:03  Probe  
  92  7:04  Pylon, Probe  
  92  7:06  Probe  
  95  7:15  Probe x2  
  97  7:23  Robotics Bay  
  97  7:25  Probe  
  98  7:35  Dark Templar x4  
  106  7:38  Probe x2  
  106  7:39  Probe  
  109  7:48  Probe  
  109  7:49  Probe  
  111  7:51  Probe  
  112  7:59  Probe  
  112  8:03  Immortal (Chrono Boost)  
  117  8:10  Zealot  
  97  8:36  Dark Templar x2  
  97  8:40  Disruptor (Chrono Boost)  
  97  8:41  Stalker x2  
  104  8:42  Probe  
  107  8:51  Probe  
  107  8:52  Probe  
  109  8:55  Assimilator  
  109  8:56  Pylon, Probe  
  109  8:58  Assimilator  
  109  8:59  Protoss Ground Weapons Level 2 (Chrono Boost)  
  109  9:01  Gateway x2  
  110  9:07  Pylon  
  110  9:09  Gateway  
  110  9:12  Gateway  
  110  9:13  Pylon, Immortal (Chrono Boost)  
  110  9:15  Robotics Facility  
  114  9:18  Photon Cannon  
  114  9:21  Probe x3, Photon Cannon  
  117  9:29  Stalker x4  
  125  9:31  Probe x2  
  125  9:33  Probe  
  128  9:49  Archon  
  128  9:52  Disruptor (Chrono Boost)  
  127  10:03  Stalker x4  
  138  10:09  Disruptor (Chrono Boost)  
  138  10:12  Pylon  
  138  10:20  Probe  
  139  10:23  Nexus  
  139  10:27  Zealot, Assimilator  
  141  10:29  Pylon  
  141  10:31  Disruptor (Chrono Boost)  
  141  10:44  Disruptor (Chrono Boost)  
  130  11:01  Stalker x4  
  130  11:02  Disruptor (Chrono Boost), Stalker x3  
  150  11:20  Disruptor (Chrono Boost)  
  147  11:25  Dark Templar  
  147  11:26  Dark Templar  
  147  11:31  Stalker x3  
  157  11:35  Disruptor (Chrono Boost)  
  157  11:37  Protoss Ground Weapons Level 3  
  157  11:39  Assimilator  
  160  12:05  Disruptor (Chrono Boost)  
  160  12:09  Disruptor (Chrono Boost)  
  157  12:20  Gateway  
  157  12:23  Gateway, Charge (Chrono Boost)  
  157  12:24  Gateway  
  157  12:26  Gateway  
  150  12:37  Disruptor  
  150  12:39  Dark Templar  
  150  12:42  Disruptor  
  157  12:59  Zealot x3  
  163  13:19  Observer  
  164  13:27  Pylon  
  164  13:29  Pylon  
  164  13:30  Pylon  
  164  13:32  Pylon x2  
  164  13:33  Pylon x2  
  164  13:45  Disruptor  
  167  14:13  Disruptor  
  170  14:20  Disruptor  
  170  14:23  Nexus  
  173  14:24  Zealot x4  
  173  14:25  Zealot x7  
  173  14:26  Zealot, Assimilator  
  173  14:28  Assimilator  
  197  14:33  Pylon  
  197  14:40  Pylon  
  197  14:43  Pylon  
  187  14:51  Pylon  
  152  15:01  Disruptor x2  
  152  15:06  Stalker x3  
  152  15:07  Stalker x3  
  150  15:12  Stalker x3  
  150  15:13  Stalker x3  
  124  15:37  Adept x2  
  124  15:38  Adept x5  
  124  15:39  Dark Templar x5  
Tags
 
Add a new tag
Caveats
  • Supply blocks, unpowered buildings, or Contaminate may cause inaccurate times.
  • Supply counts are checked every 10 seconds.